[Event "ICC tourney 2092 (45 10)"]
[Site "Internet Chess Club"]
[Date "2020.10.31"]
[Round "5"]
[White "ybabji"]
[Black "danaglin"]
[Result "1-0"]
[ICCResult "Black checkmated"]
[WhiteElo "1821"]
[BlackElo "1624"]
[Opening "French: exchange variation"]
[ECO "C01"]
[NIC "FR.01"]
[Time "21:03:02"]
[TimeControl "2700+10"]

1. e4 e6 2. d4 d5 3. exd5 exd5 4. Be3 Nf6 5. Bd3 Bd6 6. Nc3 O-O 7. h3 Re8 8.
Nf3 c5 9. Bb5 Re7 10. dxc5 Bxc5 11. Nd4 Qb6 12. O-O a6 13. Na4 Qc7 14. Nxc5
axb5 15. b4 b6 16. Nxb5 Qe5 17. Nd3 Qf5 18. Bxb6 Qg5 19. f4 Qg6 20. Ne5 Qh6
21. Bd8 Rb7 22. Nd6 Rxb4 23. Nxc8 Rxf4 24. Ne7+ Kf8 25. Nf5 Qg5 26. Rxf4
Qxf4 27. Bxf6 Qxf5 28. Qxd5 Nc6 29. Qxf7# {Black checkmated} 1-0

[Event "ICC tourney 2092 (45 10)"]
[Site "Internet Chess Club"]
[Date "2020.10.31"]
[Round "5"]
[White "LoopyLoop"]
[Black "ajedrez7"]
[Result "1-0"]
[ICCResult "Black checkmated"]
[WhiteElo "1633"]
[BlackElo "1601"]
[Opening "Giuoco Piano"]
[ECO "C54"]
[NIC "IG.02"]
[Time "21:02:51"]
[TimeControl "2700+10"]

1. e4 e5 2. Nf3 Nc6 3. Bc4 Bc5 4. c3 Nf6 5. d3 O-O 6. O-O h6 7. Nbd2 Re8 8.
Re1 d6 9. Nf1 a6 10. Bb3 Ne7 11. Ng3 Ng6 12. d4 exd4 13. cxd4 Bb6 14. Qc2
Kf8 15. Be3 Bg4 16. Nd2 Bd7 17. Nc4 Ba7 18. Rad1 Qc8 19. e5 dxe5 20. dxe5
Nxe5 21. Bxa7 Nxc4 22. Qxc4 Rxe1+ 23. Rxe1 Be6 24. Bc5+ Kg8 25. Qc3 Bxb3 26.
Qxb3 b6 27. Be3 Qd7 28. Rd1 Qg4 29. f3 Qg6 30. Rc1 Ne8 31. Qd5 Rb8 32. Bf4
Nd6 33. Rxc7 Rd8 34. Ne4 Nb7 35. Qxb7 Rd1+ 36. Kf2 Rb1 37. Rc8+ Kh7 38. Qb8
Rxb2+ 39. Bd2 Qh5 40. Rh8+ Kg6 41. Qd6+ f6 42. Qd7 Qh4+ 43. Ng3 Qb4 44. Qe8#
{Black checkmated}
1-0

[Event "ICC tourney 2092 (45 10)"]
[Site "Internet Chess Club"]
[Date "2020.10.31"]
[Round "5"]
[White "Natey"]
[Black "mikoyansuren"]
[Result "0-1"]
[ICCResult "White checkmated"]
[WhiteElo "1710"]
[BlackElo "1969"]
[Opening "Sicilian: Anderssen variation"]
[ECO "B41"]
[NIC "SI.41"]
[Time "21:02:52"]
[TimeControl "2700+10"]

1. e4 c5 2. Nf3 e6 3. d4 cxd4 4. Nxd4 Nf6 5. Nc3 Nc6 6. Ndb5 Bc5 7. Nd6+ Ke7
8. Nxc8+ Rxc8 9. Be2 Re8 10. O-O Kf8 11. Bf4 d5 12. Bd3 d4 13. Ne2 Bd6 14.
Bxd6+ Qxd6 15. f4 Ng4 16. Qe1 Nb4 17. Qh4 Ne3 18. Rf3 h6 19. e5 Qc5 20. Rg3
Nxd3 21. cxd3 Nf5 22. Qg4 Nxg3 23. Nxg3 Qc2 24. Nh5 g6 25. Nf6 Red8 26. Qh4
Qxb2 27. Qxh6+ Ke7 28. Rf1 Rc1 29. Qh4 Rxf1+ 30. Kxf1 Qc1+ 31. Ke2 Qc2+ 32.
Ke1 Qc1+ 33. Kf2 Qe3+ 34. Kf1 Qxd3+ 35. Ke1 Qe3+ 36. Kf1 Qc1+ 37. Kf2 d3 38.
Nd5+ Kd7 39. Qe7+ Kc8 40. Qxf7 exd5 41. e6 d2 42. g3 d1=Q 43. g4 Qe1+ 44.
Kg2 Qf1+ 45. Kg3 Qce1# {White checkmated} 0-1

[Event "ICC tourney 2092 (45 10)"]
[Site "Internet Chess Club"]
[Date "2020.10.31"]
[Round "5"]
[White "wahoo"]
[Black "castle2king"]
[Result "1-0"]
[ICCResult "Black resigns"]
[WhiteElo "1761"]
[BlackElo "1566"]
[Opening "Giuoco Piano"]
[ECO "C54"]
[NIC "IG.02"]
[Time "21:02:58"]
[TimeControl "2700+10"]

1. e4 e5 2. Nf3 Nc6 3. Bc4 Bc5 4. c3 Nf6 5. d3 O-O 6. O-O d5 7. exd5 Nxd5 8.
Re1 Bg4 9. h3 Bh5 10. b4 Bb6 11. b5 Na5 12. Rxe5 Bxf3 13. Qxf3 Nxc3 14. Nxc3
Qd4 15. Re2 Qxc3 16. Bb2 Qb4 17. Qg3 Qxb2 18. Rxb2 Bd4 19. Rbb1 Bxa1 20.
Rxa1 Nxc4 21. dxc4 Rac8 22. Rd1 f6 23. Rd7 Rf7 24. Rxf7 Kxf7 25. Qd3 Re8 26.
Qd5+ Kf8 27. Qxb7 Re7 28. Qxa7 c6 29. Qb8+ Re8 30. Qd6+ Kf7 31. Qxc6 Re7 32.
b6 {Black resigns} 1-0

[Event "ICC tourney 2092 (45 10)"]
[Site "Internet Chess Club"]
[Date "2020.10.31"]
[Round "5"]
[White "tigertiger2019"]
[Black "VincentT2008"]
[Result "0-1"]
[ICCResult "White checkmated"]
[WhiteElo "1674"]
[BlackElo "1828"]
[Opening "King's Indian: orthodox, Aronin-Taimanov variation (Yugoslav attack / Mar del Plata variation)"]
[ECO "E97"]
[NIC "KI.15"]
[Time "21:02:54"]
[TimeControl "2700+10"]

1. Nf3 Nf6 2. c4 g6 3. d4 Bg7 4. Nc3 d6 5. e4 O-O 6. Be2 e5 7. O-O Nc6 8. d5
Ne7 9. Be3 Ng4 10. Bc1 f5 11. Ne1 Nf6 12. f3 f4 13. b4 g5 14. Nd3 h5 15. Bd2
Ng6 16. Rc1 Rf7 17. c5 Bf8 18. Na4 g4 19. cxd6 cxd6 20. b5 Rg7 21. Rc4 Bd7
22. Qb3 h4 23. Kf2 h3 24. gxh3 g3+ 25. hxg3 fxg3+ 26. Ke1 Nh5 27. Rg1 Qh4
28. Kd1 Qxh3 29. Bf1 Qh2 30. Be3 Ngf4 31. Nxf4 Nxf4 32. Rc2 g2 33. Bd3 Nh3
34. Re1 Qg3 35. Bg1 Nxg1 36. Rxg1 Qh2 37. Re1 g1=Q 38. Rxh2 Qxh2 39. Be2 Rc8
40. Qe3 Qf4 41. Qxf4 exf4 42. Kd2 Rg2 43. Nc3 Bg7 44. Nb1 Bxb5 45. Na3 Bxe2
46. Rxe2 Rxe2+ 47. Kxe2 a6 48. Kd3 Rc3+ 49. Kd2 Rxa3 50. Kc2 Rxf3 51. Kb1
Rf2 52. a4 Rh2 53. e5 Bxe5 54. a5 f3 55. Kc1 f2 56. Kb1 f1=R# {White
checkmated} 0-1

[Event "ICC tourney 2092 (45 10)"]
[Site "Internet Chess Club"]
[Date "2020.10.31"]
[Round "5"]
[White "poohfur"]
[Black "tedwpnw"]
[Result "0-1"]
[ICCResult "White resigns"]
[WhiteElo "1723"]
[BlackElo "1150"]
[Opening "Sicilian: Sveshnikov variation"]
[ECO "B33"]
[NIC "SI.38"]
[Time "21:03:04"]
[TimeControl "2700+10"]

1. e4 c5 2. Nf3 Nc6 3. d4 cxd4 4. Nxd4 Nf6 5. Nc3 e5 6. Ndb5 d6 7. Bg5 a6 8.
Bxf6 gxf6 9. Na3 b5 10. Nd5 f5 11. exf5 Bxf5 12. c3 Bg7 13. Nc2 Bg6 14. Nce3
O-O 15. a4 bxa4 16. Qxa4 Ne7 17. g3 Rb8 18. Bg2 f5 19. O-O Rxb2 20. Nb4 Bf7
21. Qxa6 e4 22. Nc4 Bxc4 23. Qxc4+ d5 24. Qc5 d4 25. Ra7 Rf7 26. Rfa1 Bf8
27. Qc4 d3 28. Nc6 Qd6 29. Nxe7+ Bxe7 30. Ra8+ Kg7 31. R8a6 Qd7 32. Qd4+
Qxd4 33. cxd4 d2 34. Ra7 Rc2 35. Rd1 Rc1 36. Ra1 Ba3 37. Kf1 Rfc7 38. Ke2
Rxa1 39. Rxa1 Rc1 {White resigns} 0-1

[Event "ICC tourney 2092 (45 10)"]
[Site "Internet Chess Club"]
[Date "2020.10.31"]
[Round "5"]
[White "javasri"]
[Black "SparkyNinja"]
[Result "1-0"]
[ICCResult "Black checkmated"]
[WhiteElo "1865"]
[BlackElo "1571"]
[Opening "Sicilian: Sozin with ...a6 and ...b5"]
[ECO "B87"]
[NIC "SI.13"]
[Time "21:02:48"]
[TimeControl "2700+10"]

1. e4 c5 2. Nf3 d6 3. d4 cxd4 4. Nxd4 Nf6 5. Nc3 a6 6. Bc4 e6 7. Bb3 b5 8.
f3 Bb7 9. Be3 Nc6 10. Qd2 Nxd4 11. Bxd4 Be7 12. O-O O-O 13. Rad1 d5 14. Bxf6
Bxf6 15. exd5 Bxc3 16. Qxc3 Bxd5 17. Bxd5 exd5 18. Qd4 Rc8 19. c3 Qa5 20. a3
Rfd8 21. Rfe1 Qc7 22. Kh1 Rd6 23. Re5 Rcd8 24. Qe3 Qc6 25. Re1 h6 26. Qd4
Qc4 27. Rd1 Qxd4 28. Rxd4 Re6 29. Rxe6 fxe6 30. f4 Kf7 31. Kg1 Kf6 32. Kf2
g5 33. Ke3 e5 34. fxe5+ Kxe5 35. a4 Rc8 36. axb5 axb5 37. Rb4 Rc5 38. h3 h5
39. g3 Kd6 40. Kf3 Kc6 41. h4 g4+ 42. Kf4 Kd6 43. Rd4 Rc8 44. Kg5 Rh8 45.
Rf4 Ke5 46. Rb4 Kd6 47. Rxb5 Kc6 48. Rb4 Kc5 49. Rd4 Kd6 50. c4 Kc5 51.
Rxd5+ Kxc4 52. Rd6 Kc5 53. Rh6 Rg8+ 54. Kxh5 Kd5 55. Rg6 Rh8+ 56. Kxg4 Ke5
57. Rg5+ Kf6 58. b4 Rxh4+ 59. gxh4 Kf7 60. Rc5 Kg7 61. b5 Kg8 62. Rc7 Kf8
63. b6 Kg8 64. b7 Kf8 65. b8=Q# {Black checkmated} 1-0

[Event "ICC tourney 2092 (45 10)"]
[Site "Internet Chess Club"]
[Date "2020.10.31"]
[Round "5"]
[White "wulovechess"]
[Black "landonp"]
[Result "1-0"]
[ICCResult "Black checkmated"]
[WhiteElo "1596"]
[BlackElo "1337"]
[Opening "Giuoco Piano"]
[ECO "C50"]
[NIC "IG.02"]
[Time "21:03:06"]
[TimeControl "2700+10"]

1. e4 e5 2. Nf3 Nc6 3. Bc4 Bc5 4. O-O Nf6 5. d4 Bxd4 6. Nxd4 Nxd4 7. Bg5 O-O
8. Nc3 c6 9. Re1 d6 10. Bb3 Re8 11. Qd3 Be6 12. Ne2 Nxe2+ 13. Rxe2 Bxb3 14.
axb3 Re6 15. Be3 Nh5 16. g3 Rg6 17. Kh1 c5 18. b4 b6 19. bxc5 bxc5 20. Rd2
Qf6 21. Qe2 Nxg3+ 22. fxg3 Qe6 23. Qb5 Qh3 24. Rg2 Qg4 25. Rxa7 Qd1+ 26. Bg1
Rf8 27. Qb7 h6 28. Qd5 Qc1 29. Rf2 Rf6 30. Rxf6 gxf6 31. Qxd6 Qf1 32. Ra3
Qe2 33. Qxf6 Qxe4+ 34. Qf3 Qxc2 35. Qg4+ Kh7 36. Ra6 Qxb2 37. Qf5+ Kg8 38.
Qg4+ Kh7 39. Qe4+ Kg7 40. Bxc5 Rd8 41. Qg4+ Kh7 42. Qf5+ Kg8 43. Ra7 Qc1+
44. Kg2 Qg5 45. Qxf7+ Kh8 46. Qh7# {Black checkmated} 1-0

[Event "ICC tourney 2092 (45 10)"]
[Site "Internet Chess Club"]
[Date "2020.10.31"]
[Round "5"]
[White "HarleyQueen8"]
[Black "AJ2000"]
[Result "1-0"]
[ICCResult "Black resigns"]
[WhiteElo "1839"]
[BlackElo "1636"]
[Opening "Grünfeld: exchange variation"]
[ECO "D87"]
[NIC "GI.04"]
[Time "21:02:45"]
[TimeControl "2700+10"]

1. d4 Nf6 2. c4 g6 3. Nc3 d5 4. cxd5 Nxd5 5. e4 Nxc3 6. bxc3 Bg7 7. Be3 c5
8. Bc4 Nc6 9. Ne2 O-O 10. O-O Qc7 11. Rc1 Rd8 12. f3 b6 13. Qc2 Bb7 14. Bd5
e6 15. Bxc6 Qxc6 16. Rfd1 Rac8 17. Qb2 Ba6 18. Nf4 Bc4 19. Nd3 Qa4 20. Nf2
cxd4 21. cxd4 Bxa2 22. e5 Qb3 23. Qe2 Qd5 24. Ne4 Bc4 25. Qf2 Bb3 26. Re1
Rc6 27. Qh4 h5 28. Rxc6 Qxc6 29. Qxd8+ {Black resigns} 1-0

[Event "ICC tourney 2092 (45 10)"]
[Site "Internet Chess Club"]
[Date "2020.10.31"]
[Round "5"]
[White "messyblaster"]
[Black "imranchamp"]
[Result "0-1"]
[ICCResult "White resigns"]
[WhiteElo "1550"]
[BlackElo "1825"]
[Opening "Benoni defense"]
[ECO "A56"]
[NIC "OI.06"]
[Time "21:02:46"]
[TimeControl "2700+10"]

1. d4 Nf6 2. c4 c5 3. e3 g6 4. Nf3 Bg7 5. Be2 O-O 6. O-O cxd4 7. exd4 d5 8.
Nc3 dxc4 9. Bxc4 e6 10. Be3 Nc6 11. Qe2 a6 12. Rfd1 b5 13. Bb3 Na5 14. d5
Nxb3 15. axb3 Nxd5 16. Nxd5 exd5 17. Bc5 Re8 18. Rxd5 Bd7 19. Qd2 Qc7 20.
Rc1 Be6 21. Be3 Qxc1+ 22. Qxc1 Bxd5 23. b4 Rac8 24. Qd2 Bb3 25. h3 Red8 26.
Bd4 Bxd4 27. Nxd4 Rc4 28. Qe3 Rdxd4 29. Qxb3 Rxb4 30. Qa3 a5 31. Qxa5 Rxb2
32. Qb6 Re4 33. Qc6 Ree2 34. Qc8+ Kg7 35. Qc3+ Kh6 36. Qc5 Rxf2 37. Qf8+ Kg5
38. Qe7+ Kh6 39. Qf8+ Kg5 40. Qe7+ f6 41. Qe3+ Kh5 42. g4+ Kh4 43. Qh6+ Kg3
44. Qe3+ Rf3 45. Qc1 Rg2+ 46. Kh1 Rgf2 47. Kg1 Rf1+ 48. Qxf1 Rxf1+ 49. Kxf1
Kxh3 50. Ke2 Kxg4 {White resigns} 0-1